 Dungeon Crawl Stone Soup version 0.21.1-1-g345015fe64 (webtiles) character file.

6845 Lentor the Carver (level 10, -9/90 HPs)
             Began as a Minotaur Berserker on June 21, 2018.
             Was a High Priest of Trog.
             Mangled by Gastronok (24 damage)
             ... on level 9 of the Dungeon on June 22, 2018.
             The game lasted 00:20:59 (8431 turns).

Lentor the Carver (Minotaur Berserker)              Turns: 8431, Time: 00:21:00

Health: -9/90      AC: 14    Str: 24    XL:     10   Next: 78%
Magic:  3/3        EV: 15    Int:  4    God:    Trog [*****.]
Gold:   614        SH:  0    Dex: 14    Spells: 9/9 levels left

rFire    . . .     SeeInvis .   a - +2 triple sword (antimagic)
rCold    + . .     Gourm    .   (shield currently unavailable)
rNeg     . . .     Faith    .   D - +2 scale mail {rC+}
rPois    .         Spirit   .   (helmet restricted)
rElec    .         Reflect  .   u - +0 cloak
rCorr    .         Harm     .   m - +1 pair of gloves
MR       .....                  (no boots)
Stlth    +.........             (no amulet)
HPRegen  0.25/turn              b - +3 ring of dexterity
MPRegen  0.08/turn              C - +2 ring of evasion

@: berserk cooldown, slowed, very slow
A: retaliatory headbutt, horns 2
a: Berserk, Trog's Hand, Brothers in Arms, Burn Spellbooks, Renounce Religion


You were on level 9 of the Dungeon.
You worshipped Trog.
Trog was extremely pleased with you.
You were not hungry.

You visited 2 branches of the dungeon, and saw 10 of its levels.
You also visited: Sewer.

You collected 614 gold pieces.

Inventory:

Hand Weapons
 a - a +2 antimagic triple sword (weapon)
Armour
 k - a +2 ring mail of poison resistance
 m - a +1 pair of gloves (worn)
 r - a +0 buckler
 u - a +0 cloak (worn)
 B - a +0 plate armour
 D - a +2 scale mail of cold resistance (worn)
Jewellery
 b - a +3 ring of dexterity (left hand)
 C - a +2 ring of evasion (right hand)
Wands
 n - a wand of random effects (17)
 t - a wand of flame (22)
Scrolls
 d - 4 scrolls of teleportation
 e - 3 scrolls of fog
 g - a scroll of magic mapping
 i - a scroll of blinking {unknown}
 q - 2 scrolls of remove curse
 v - 2 scrolls of immolation {unknown}
 w - a scroll of enchant armour
 y - a scroll of vulnerability {unknown}
Potions
 h - a potion of heal wounds
 j - a potion of agility
 l - 3 potions of curing
 o - 2 potions of might
 p - 3 potions of flight
 x - a potion of lignification
 A - 2 potions of invisibility {unknown}
Comestibles
 c - 14 rations


   Skills:
 + Level 8.7 Fighting
 + Level 13.9 Long Blades
 + Level 8.9 Armour
 - Level 5.4 Dodging
 - Level 2.4 Stealth
 + Level 4.0 Shields


You had 9 spell levels left.
You didn't know any spells.

Dungeon Overview and Level Annotations

Branches:
Dungeon (9/15)             Temple (1/1) D:7            Lair (0/6) D:8
    Orc: D:9-12

Altars:
Ashenzari
Cheibriados
Dithmenos
Elyvilon
Fedhas
Gozag
Hepliaklqana
Kikubaaqudgha
Makhleb
Nemelex Xobeh
Okawaru
Qazlal
Ru
Sif Muna
Trog
Uskayaw
Vehumet
Wu Jian
Xom
Yredelemnul
Zin
The Shining One

Annotations:
D:9 Gastronok


Innate Abilities, Weirdness & Mutations

You reflexively headbutt those who attack you in melee.
You have a pair of horns on your head.


Message History

Gastronok bites you but does no damage.
You hit Gastronok.
Gastronok's magic leaks into the air.
You headbutt Gastronok.
Gastronok is heavily wounded.
Gastronok bites you!!
You slash Gastronok!
Gastronok's magic leaks into the air.
You headbutt Gastronok!
Gastronok is severely wounded.
Gastronok bites you!
You slice Gastronok!!
Gastronok's magic leaks into the air.
Gastronok is almost dead.
Gastronok bites you!!
* * * LOW HITPOINT WARNING * * *
You hit Gastronok.
Gastronok's magic leaks into the air.
Gastronok is almost dead.
Gastronok falters for a moment.
You completely miss Gastronok.
Gastronok is almost dead.
Gastronok bites you!!
You die...

#.# #.#####
####.#...#
#........#
#........#
#.....<..#
####.###.#
#......# #.@#####
#.w# ####..#
#.....#######
####.##.........
#######
#........#######
......# #........#
......# #........#
≈.....######.#####


You could see Gastronok.

Vanquished Creatures
  3 death yaks (D:8)
  Psyche (D:8)
  The ghost of Lokiki the Cudgeler, an amateur DsFi (D:3)
  Eustachio (D:4)
  A wyvern (D:8)
  Menkaure (D:4)
  A porcupine (D:8)
  Duvessa (D:4)
  An ice beast (D:5)
  3 orc warriors
  2 sky beasts (D:6)
  3 ogres
  2 phantoms
  2 centaurs
  7 bullfrogs
  2 water moccasin zombies (D:6)
  Dowan (D:4)
  A water moccasin skeleton (D:6)
  A wyvern skeleton (D:6)
  A scorpion (D:5)
  2 jellies
  3 howler monkeys
  5 crimson imps
  2 bullfrog zombies (D:6)
  A centaur zombie (D:7)
  A quasit (D:7)
  2 hounds
  10 orc priests
  2 centaur skeletons
  Crazy Yiuf (D:2)
  12 orc wizards
  5 worker ants
  Terence (D:3)
  2 hell rats (D:8)
  3 hound zombies
  3 hound skeletons
  A howler monkey zombie (D:6)
  7 worker ant zombies (D:6)
  3 gnolls (D:6)
  9 adders
  2 river rats (D:8)
  3 shadow imps
  5 oozes
  3 adder zombies
  8 worms
  3 dart slugs
  9 leopard geckos
  44 orcs
  13 bats
  9 giant cockroaches
  8 hobgoblins
  11 jackals
  7 kobolds
  6 quokkas
  6 ball pythons
  4 frilled lizards
  9 goblins
  A jackal skeleton (D:6)
  A leopard gecko skeleton (D:4)
  2 leopard gecko zombies (D:6)
  A quokka skeleton (D:6)
  10 rats
  A fungus (D:2)
277 creatures vanquished.

Notes
Turn   | Place    | Note
-------+----------+-------------------------------------------
     0 | D:1      | Lentor the Minotaur Berserker began the quest for the Orb.
     0 | D:1      | Reached XP level 1. HP: 19/19 MP: 0/0
   223 | D:1      | Reached XP level 2. HP: 26/27 MP: 1/1
   238 | D:1      | Reached skill level 4 in Long Blades
   771 | D:1      | Reached XP level 3. HP: 34/34 MP: 2/2
   890 | D:2      | Reached ** piety under Trog
   946 | D:2      | Found an ancient bone altar of Kikubaaqudgha.
  1796 | D:2      | Found a runed door.
  1800 | D:2      | Noticed Crazy Yiuf
  1806 | D:2      | Killed Crazy Yiuf
  1806 | D:2      | Reached XP level 4. HP: 41/41 MP: 3/3
  2044 | D:3      | Noticed Terence
  2051 | D:3      | Killed Terence
  2051 | D:3      | Reached skill level 5 in Long Blades
  2232 | D:3      | Reached XP level 5. HP: 43/47 MP: 4/4
  2353 | D:3      | Reached *** piety under Trog
  2696 | D:3      | Noticed Lokiki's ghost (amateur DsFi)
  2702 | D:3      | Killed Lokiki's ghost
  2702 | D:3      | Reached skill level 5 in Fighting
  2702 | D:3      | Reached skill level 6 in Long Blades
  2702 | D:3      | Reached skill level 1 in Stealth
  2702 | D:3      | Reached XP level 6. HP: 56/56 MP: 5/5
  2846 | D:4      | Found a sparkling altar of Nemelex Xobeh.
  2893 | D:4      | Reached skill level 7 in Long Blades
  2893 | D:4      | Reached skill level 5 in Armour
  2893 | D:4      | Reached XP level 7. HP: 53/61 MP: 6/6
  2941 | D:4      | Noticed Menkaure
  2948 | D:4      | Killed Menkaure
  3028 | D:4      | Found a radiant altar of Vehumet.
  3029 | D:4      | Found a burning altar of Makhleb.
  3220 | D:4      | Found a glowing drain.
  3247 | D:4      | Noticed Eustachio
  3255 | Sewer    | Entered a sewer
  3261 | Sewer    | Reached **** piety under Trog
  3884 | Sewer    | Reached skill level 8 in Long Blades
  4025 | D:4      | Killed Eustachio
  4025 | D:4      | Reached XP level 8. HP: 69/69 MP: 7/7
  4038 | D:4      | Noticed Dowan
  4038 | D:4      | Noticed Duvessa
  4054 | D:4      | Killed Duvessa
  4054 | D:4      | Reached skill level 1 in Shields
  4093 | D:4      | Killed Dowan
  4631 | D:5      | Entered Level 5 of the Dungeon
  4643 | D:5      | Reached skill level 9 in Long Blades
  5453 | D:5      | Reached ***** piety under Trog
  5897 | D:6      | Reached skill level 10 in Long Blades
  5904 | D:6      | Reached XP level 9. HP: 78/78 MP: 8/8
  5906 | D:6      | Received a gift from Trog
  6031 | D:6      | Found a stormy altar of Qazlal.
  6106 | D:6      | Found a hazy altar of Hepliaklqana.
  6202 | D:6      | Reached skill level 5 in Dodging
  6234 | D:6      | Reached skill level 11 in Long Blades
  6609 | D:7      | Found a blossoming altar of Fedhas.
  6754 | D:7      | Reached skill level 12 in Long Blades
  6789 | D:7      | Received a gift from Trog
  6973 | D:7      | Found a staircase to the Ecumenical Temple.
  6984 | Temple   | Entered the Ecumenical Temple
  7151 | D:7      | Found an opulent altar of Gozag.
  7167 | D:7      | Found a bloodstained altar of Trog.
  7281 | D:8      | Reached XP level 10. HP: 80/88 MP: 3/9
  7309 | D:8      | Noticed a death yak
  7311 | D:8      | Found a staircase to the Lair.
  7313 | D:8      | Noticed a death yak
  7314 | D:8      | Noticed a death yak
  7320 | D:8      | Killed a death yak
  7323 | D:8      | Killed a death yak
  7328 | D:8      | Killed a death yak
  7328 | D:8      | Reached skill level 13 in Long Blades
  7600 | D:8      | Found a white marble altar of Elyvilon.
  7678 | D:8      | Noticed Psyche
  7679 | D:8      | Found a sacrificial altar of Ru.
  7680 | D:8      | Killed Psyche
  7728 | D:8      | Found a hazy altar of Hepliaklqana.
  7729 | D:8      | Found a shimmering altar of Xom.
  8233 | D:9      | Noticed Gastronok
  8431 | D:9      | Mangled by Gastronok

Skill      XL: |  1  2  3  4  5  6  7  8  9 10 |
---------------+-------------------------------+-----
Fighting       | 4 5 6 7 8 |  8.7
Long Blades    | 4 5 6 7 8 10 12 13 | 13.9
Armour         | 3 4 5 6 7 8 |  8.9
Dodging        | 3 4 5 |  5.4
Stealth        | 1 2 |  2.4
Shields        | 2 3 4 |  4.0

Action                   |  1- 3 |  4- 6 |  7- 9 | 10-12 || total
-------------------------+-------+-------+-------+-------++-------
Melee: Falchion          |    82 |   108 |   423 |       ||   613
       Headbutt          |    19 |    29 |   131 |    21 ||   200
       Triple sword      |       |       |    12 |    63 ||    75
       Long sword        |       |       |     2 |       ||     2
Invok: Berserk           |       |     1 |     3 |     2 ||     6
  Use: Scroll            |       |     9 |     3 |     6 ||    18
 Stab: Sleeping          |       |       |     1 |       ||     1
  Eat: Chunk             |     2 |     5 |     7 |     4 ||    18
       Ration            |       |       |     3 |     1 ||     4
Armor: Animal skin       |    13 |       |       |       ||    13
       Scale mail        |     5 |       |       |     5 ||    10
       Ring mail         |     1 |    32 |   103 |       ||   136
       Plate armour      |       |       |    35 |    39 ||    74
Dodge: Dodged            |    54 |    49 |   183 |    49 ||   335
Block: Buckler           |       |       |    56 |       ||    56
       Rpst.: Falchion   |    18 |    17 |    47 |       ||    82
       Triple sword      |       |       |     1 |    16 ||    17
       Long sword        |       |       |     1 |       ||     1
